 Dungeon Crawl Stone Soup version bcrawl-1.36 (webtiles) character file.

Game seed: 18356176228072740399

188691 epen the Shield-Bearer (level 6, -2/53 HPs)
             Began as a Gnoll Fighter on May 13, 2022.
             Slain by a sky beast (6 damage)
             ... on level 4 of the Dungeon.
             The game lasted 00:03:54 (3334 turns).

epen the Shield-Bearer (Gnoll Fighter)              Turns: 3334, Time: 00:03:55

Health: -2/53      AC:  7    Str: 19    XL:     6   Next: 92%
Magic:  9/9        EV: 11    Int:  8    God:
Gold:   224        SH:  1    Dex: 16    Spells: 9/9 levels left

rFire    . . .     SeeInvis +   a - +0 long sword
rCold    + . .     Gourm    +   (no shield)
rNeg     . . .     Faith    .   b - +0 scale mail
rPois    .         Spirit   .   (no helmet)
rElec    .         Reflect  .   (no cloak)
rCorr    .                      (no gloves)
MR       .....                  (no boots)
Stlth    +.........             n - amulet of the gourmand
HPRegen  0.17/turn              h - ring of see invisible
MPRegen  0.11/turn              (no ring)

@: no status effects
A: distributed training, fangs 1, cold resistance 1, dopey 1, mutation
resistance 1, strong nose
a: no special abilities


You were on level 4 of the Dungeon.
You were near starving.

You visited 1 branch of the dungeon, and saw 4 of its levels.

You collected 224 gold pieces.

Inventory:

Hand Weapons
 a - a +0 long sword (weapon)
Missiles
 x - 82 poisoned tomahawks (quivered)
Armour
 b - a +0 scale mail (worn)
 c - a +0 medium shield
 r - a +0 helmet
Jewellery
 h - a ring of see invisible (left hand)
 n - an amulet of the gourmand (around neck)
Wands
 k - a wand of paralysis (11)
 p - a wand of disintegration (9)
Scrolls
 f - 2 scrolls of teleportation {unknown}
 g - 2 scrolls of amnesia {unknown}
 i - 2 scrolls of identify
 j - a scroll of immolation {unknown}
 q - a scroll of blinking {unknown}
 s - 2 scrolls of fog {unknown}
 v - 2 scrolls of remove curse {unknown}
Potions
 d - 3 potions of might
 w - a potion of heal wounds {unknown}
Comestibles
 e - 5 rations {!d}
 t - 3 chunks of flesh


   Skills:
 + Level 6.9 Fighting
 + Level 2.1 Short Blades
 + Level 5.0 Long Blades
 + Level 2.1 Axes
 + Level 2.1 Maces & Flails
 + Level 2.1 Polearms
 + Level 2.1 Staves
 + Level 2.1 Slings
 + Level 2.1 Bows
 + Level 2.1 Crossbows
 + Level 2.1 Throwing
 + Level 6.9 Armour
 + Level 2.1 Dodging
 + Level 2.1 Stealth
 + Level 6.9 Shields
 + Level 2.1 Unarmed Combat
 + Level 2.1 Spellcasting
 + Level 1.7 Conjurations
 + Level 1.7 Hexes
 + Level 1.7 Charms
 + Level 1.7 Summonings
 + Level 1.7 Necromancy
 + Level 1.7 Translocations
 + Level 1.7 Transmutations
 + Level 1.7 Fire Magic
 + Level 1.7 Ice Magic
 + Level 1.7 Air Magic
 + Level 1.7 Earth Magic
 + Level 1.7 Poison Magic
 + Level 2.3 Invocations
 + Level 2.1 Evocations


You had 9 spell levels left.
You didn't know any spells.
Your spell library was empty.

Dungeon Overview and Level Annotations

Branches:
Dungeon (4/12)
 Temple: D:4-7

Altars:
Makhleb
Nemelex Xobeh
Qazlal
Ru


Innate Abilities, Weirdness & Mutations

Your experience applies equally to all skills.
You have very sharp teeth.
Your uncanny sense of smell can sniff out nearby items.
Your flesh is cold resistant. (rC+)
You are dopey. (Int -2)
You are somewhat resistant to further mutation.


Message History

* * * LOW HITPOINT WARNING * * *
The orc closely misses you.
It was a potion of mutation.
You feel extremely strange.
You feel genetically stable.
You feel stupid.
You feel resistant to cold. The sky beast closely misses you.
The orc hits you but does no damage.
It was a potion of ambrosia.
You are confused.
You feel invigorated.
The sky beast hits you but does no damage.
The orc hits you with a cursed +0 short sword.
* * * LOW HITPOINT WARNING * * *
Okay, then.
It was a potion of cancellation.
Your magical effects are unravelling.
You feel magically purged.
You feel less invigorated.
You feel less confused. The sky beast hits you.
* * * LOW HITPOINT WARNING * * *
The sky beast shocks you.
You die...

#.. #.......
..##......
........#
....... ∆ .
.....# ..
#....##...
#))o......
#)@Y.# #..).#
### #....#
#####..##....#
#............#
#............#
+........^...#
##...........#
∆
###...........#


You could see a sky beast and an orc.

Vanquished Creatures
  A crimson imp (D:2)
  A hound (D:3)
  3 orc wizards
  A bullfrog skeleton (D:4)
  Jessica (D:2)
  A worker ant (D:4)
  Robin (D:2)
  A gnoll (D:1)
  5 adders
  2 oozes (D:2)
  An adder skeleton (D:3)
  5 worms
  3 dart slugs
  4 leopard geckos
  9 orcs
  2 ball pythons
  4 bats
  5 giant cockroaches
  15 goblins
  8 hobgoblins
  4 jackals (D:1)
  A quokka (D:3)
  2 frilled lizards
  9 kobolds
  7 rats
96 creatures vanquished.

Notes
Turn   | Place    | Note
-------+----------+-------------------------------------------
     0 | D:1      | epen the Gnoll Fighter began the quest for the Orb.
     0 | D:1      | Reached XP level 1. HP: 23/23 MP: 1/1
   164 | D:1      | Reached XP level 2. HP: 29/29 MP: 2/2
   400 | D:1      | Reached XP level 3. HP: 35/35 MP: 3/3
   758 | D:1      | Reached skill level 1 in Invocations
  1023 | D:2      | Noticed Jessica
  1034 | D:2      | Killed Jessica
  1035 | D:2      | Reached skill level 1 in Short Blades
  1035 | D:2      | Reached skill level 1 in Axes
  1035 | D:2      | Reached skill level 1 in Maces & Flails
  1035 | D:2      | Reached skill level 1 in Polearms
  1035 | D:2      | Reached skill level 1 in Staves
  1035 | D:2      | Reached skill level 1 in Slings
  1035 | D:2      | Reached skill level 1 in Bows
  1035 | D:2      | Reached skill level 1 in Crossbows
  1035 | D:2      | Reached skill level 1 in Throwing
  1035 | D:2      | Reached skill level 1 in Dodging
  1035 | D:2      | Reached skill level 1 in Stealth
  1035 | D:2      | Reached skill level 1 in Unarmed Combat
  1035 | D:2      | Reached skill level 1 in Spellcasting
  1035 | D:2      | Reached skill level 1 in Evocations
  1035 | D:2      | Reached XP level 4. HP: 23/41 MP: 5/5
  1335 | D:2      | Noticed Robin
  1345 | D:1      | Reached skill level 1 in Conjurations
  1345 | D:1      | Reached skill level 1 in Hexes
  1345 | D:1      | Reached skill level 1 in Charms
  1345 | D:1      | Reached skill level 1 in Summonings
  1345 | D:1      | Reached skill level 1 in Necromancy
  1345 | D:1      | Reached skill level 1 in Translocations
  1345 | D:1      | Reached skill level 1 in Transmutations
  1345 | D:1      | Reached skill level 1 in Fire Magic
  1345 | D:1      | Reached skill level 1 in Ice Magic
  1345 | D:1      | Reached skill level 1 in Air Magic
  1345 | D:1      | Reached skill level 1 in Earth Magic
  1345 | D:1      | Reached skill level 1 in Poison Magic
  1687 | D:2      | Reached XP level 5. HP: 33/47 MP: 5/7
  1746 | D:2      | Killed Robin
  1836 | D:2      | Found a sacrificial altar of Ru.
  1836 | D:2      | Found a burning altar of Makhleb.
  1840 | D:2      | Found a sparkling altar of Nemelex Xobeh.
  1845 | D:2      | Found a stormy altar of Qazlal.
  2397 | D:3      | Reached XP level 6. HP: 43/53 MP: 8/8
  3249 | D:4      | Reached skill level 5 in Long Blades
  3311 | D:4      | Noticed a sky beast
  3331 | D:4      | HP: 2/53 [sky beast (5)]
  3332 | D:4      | Gained mutation: You are somewhat resistant to further
                  | mutation. [potion of mutation]
  3332 | D:4      | Gained mutation: You are dopey. (Int -2) [potion of
                  | mutation]
  3332 | D:4      | Gained mutation: Your flesh is cold resistant. (rC+)
                  | [potion of mutation]
  3334 | D:4      | Slain by a sky beast

Skill      XL: |  1  2  3  4  5  6 |
---------------+-------------------+-----
Invocations    | 1 2 |  2.3
Short Blades   | 1 2 |  2.1
Axes           | 1 2 |  2.1
Maces & Flails | 1 2 |  2.1
Polearms       | 1 2 |  2.1
Staves         | 1 2 |  2.1
Slings         | 1 2 |  2.1
Bows           | 1 2 |  2.1
Crossbows      | 1 2 |  2.1
Throwing       | 1 2 |  2.1
Dodging        | 1 2 |  2.1
Stealth        | 1 2 |  2.1
Unarmed Combat | 1 2 |  2.1
Spellcasting   | 1 2 |  2.1
Evocations     | 1 2 |  2.1
Conjurations   | 1 |  1.7
Hexes          | 1 |  1.7
Charms         | 1 |  1.7
Summonings     | 1 |  1.7
Necromancy     | 1 |  1.7
Translocations | 1 |  1.7
Transmutations | 1 |  1.7
Fire Magic     | 1 |  1.7
Ice Magic      | 1 |  1.7
Air Magic      | 1 |  1.7
Earth Magic    | 1 |  1.7
Poison Magic   | 1 |  1.7
Long Blades    | 5 |  5.0
Fighting       | |  6.9
Armour         | |  6.9
Shields        | |  6.9

Action                   |  1- 3 |  4- 6 || total
-------------------------+-------+-------++-------
Melee: Long sword        |    92 |   206 ||   298
       Bite              |    11 |    17 ||    28
       Punch             |     1 |       ||     1
Throw: Tomahawk          |       |    14 ||    14
  Use: Potion            |       |     5 ||     5
  Eat: Chunk             |     3 |    12 ||    15
Armor: Scale mail        |    59 |   111 ||   170
Dodge: Dodged            |    50 |   134 ||   184
Block: Other             |     2 |    12 ||    14
